 Dungeon Crawl Stone Soup version 0.27.1 (webtiles) character file.

Game seed: 10067306487902204875

5 Romesagentofchaos the Sneak (level 1, -1/16 HPs)
             Began as a Demonspawn Brigand on Aug 23, 2021.
             Slain by a kobold (2 damage)
             ... on level 1 of the Dungeon.
             The game lasted 00:01:07 (45 turns).

Romesagentofchaos the Sneak (Demonspawn Brigand)      Turns: 45, Time: 00:01:10

Health: -1/16      AC:  3    Str: 11    XL:     1   Next: 66%
Magic:  1/1        EV: 11    Int: 12    God:
Gold:   0          SH:  0    Dex: 14    Spells: 0/0 levels left

rFire    . . .     SeeInvis .   a - +2 dagger
rCold    . . .     Faith    .   (no shield)
rNeg     . . .     Spirit   .   b - +0 robe
rPois    .         Reflect  .   (no helmet)
rElec    .         Harm     .   c - +0 cloak
rCorr    .         Rampage  .   (no gloves)
Will     .....                  (no boots)
Stlth    ++........             (no amulet)
HPRegen  0.05/turn              (no ring)
MPRegen  0.07/turn              (no ring)

@: no status effects
A: no striking features
a: no special abilities


You were on level 1 of the Dungeon.
You visited 1 branch of the dungeon, and saw 1 of its levels.

Inventory:

Hand Weapons
 a - a +2 dagger (weapon)
Missiles
 d - 8 poisoned darts (quivered)
 e - 2 curare-tipped darts
Armour
 b - a +0 robe (worn)
 c - a +0 cloak (worn)


   Skills:
 + Level 2.0 Fighting
 + Level 2.0 Short Blades
 + Level 1.7 Throwing
 + Level 0.8 Dodging
 + Level 3.8 Stealth


You couldn't memorise any spells.
You didn't know any spells.
Your spell library contained the following spells:

 Spells                   Type           Power      Damage    Failure   Level
 Magic Dart               Conj           0%         1d3       32%         1
 Call Imp                 Summ           0%         N/A       45%         2
 Mephitic Cloud           Conj/Pois/Air  0%         N/A       69%         3


Dungeon Overview and Level Annotations

Branches:
Dungeon (1/15)

Altars:


Message History

You impale the rat!!
You kill the rat!
The kobold shouts!
You hear a bark!
A jackal comes into view.
You hear a bark!
Your Short Blades skill increases to level 2!
You closely miss the kobold.
A jackal comes into view.
The kobold closely misses you.
You completely miss the kobold.
A jackal comes into view.
The jackal moves out of view.
You closely miss the kobold. The kobold misses you. The jackal bites you.
You hit the kobold.
The kobold is severely wounded.
The kobold hits you but does no damage.
A jackal comes into view.
The jackal bites you.
You barely miss the kobold.
The kobold is severely wounded.
The jackal misses you. The kobold misses you. The jackal barely misses you.
You closely miss the kobold.
The kobold is severely wounded.
The jackal bites you. x2
The kobold hits you with a +0 short sword.
The jackal bites you.
The jackal barks!
You hit the kobold but do no damage.
The kobold is severely wounded.
The jackal bites you but does no damage.
The kobold hits you with a +0 short sword.
* * * LOW HITPOINT WARNING * * *
The jackal bites you but does no damage.
You closely miss the kobold.
The kobold is severely wounded.
The jackal bites you.
* * * LOW HITPOINT WARNING * * *
The jackal bites you but does no damage.
The kobold hits you with a +0 short sword.
You die...

#..# #..... ## ##..#
...... . ....# #
###.#....# #.#...## .#
.......###.##.#....##..#
......... ...........
.......# #.#[...# #
.......# #.##...Kh###..#
.......# #......@h.h...#
.......# #####....###.##
.......########†#.....#
..###............^...##
.## ##.#.###.##.........
.# #.#.# #.##...##.###
.# #.#.# #.##.#.# .# ..#
..... .....#.# #
.......#.# #.####.#


You could see 3 jackals and a kobold.

Vanquished Creatures
  A bat (D:1)
  2 endoplasms (D:1)
  A ball python (D:1)
  A rat (D:1)
5 creatures vanquished.

Notes
Turn   | Place    | Note
-------+----------+-------------------------------------------
     0 | D:1      | Romesagentofchaos the Demonspawn Brigand began the quest
                  | for the Orb.
     0 | D:1      | Reached XP level 1. HP: 16/16 MP: 1/1
    45 | D:1      | Slain by a kobold

Illustrated notes

Levels and vault maps discovered:
D:1:      minmay_arrival_four_circles, layout_loops_ring,
          shapermc_ecumenical_altar_petra

Skill      XL: |  1 |
---------------+----+-----
Short Blades   | 2 |  2.0
Fighting       | |  2.0
Throwing       | |  1.7
Dodging        | |  0.8
Stealth        | |  3.8

Action                   || total
-------------------------++-------
Melee: Dagger            ||    17
Throw: Dart              ||     1
 Stab: Sleeping          ||     2
Armor: Robe              ||     6
Dodge: Dodged            ||     9
